 Dungeon Crawl Stone Soup version 0.31.0-9-g3a7656b989 (webtiles) character file.

Game seed: 7540534862587227158

175 Bnni the Digger (level 5, -4/38 HPs)
             Began as a Formicid Earth Elementalist on Jan 29, 2024.
             Slain by Terence
             ... wielding a +0 falchion
              (7 damage)
             ... on level 3 of the Dungeon.
             The game lasted 00:03:06 (1984 turns).

Bnni the Digger (Formicid Earth Elementalist)       Turns: 1984, Time: 00:03:07

Health: -4/38      AC:  3    Str: 13    XL:     5   Next: 86%
Magic:  9/9        EV: 12    Int: 16    God:
Gold:   175        SH:  0    Dex: 14    Spells: 3/10 levels left

rFire   . . .        h - +0 shortbow
rCold   . . .        (no shield)
rNeg    . . .        a - +0 robe
rPois   .            (helmet unavailable)
rElec   .            n - +0 cloak
rCorr   .            (no gloves)
SInv    +            (no boots)
Will    .....        (no amulet)
Stlth   ++           (no ring)
HPRegen 0.26/turn    (no ring)
MPRegen 0.11/turn

%: no passive effects
@: no status effects
A: permanent stasis, dig shafts and tunnels, antennae 3, four strong arms
a: Dig, Shaft Self


You were on level 3 of the Dungeon.
You visited 1 branch of the dungeon, and saw 3 of its levels.

You collected 175 gold pieces.

Inventory:

Hand Weapons
 h - a +0 shortbow (weapon)
Armour
 a - a +0 robe (worn)
 n - a +0 cloak (worn)
Scrolls
 c - a scroll of immolation {unknown}
 e - 2 scrolls of identify {unknown}
 g - 2 scrolls of revelation {unknown}
 k - a scroll of enchant armour {unknown}
 m - a scroll of fog {unknown}
 o - a scroll of blinking {unknown}
Potions
 d - a potion of heal wounds {unknown}
 f - a potion of brilliance {unknown}
 i - a potion of curing {unknown}
 j - a potion of cancellation {unknown}
 l - a potion of degeneration {unknown}
 p - a potion of attraction {unknown}


   Skills:
 + Level 2.0 Fighting
 - Level 1.7 Dodging
 - Level 2.4 Stealth
 + Level 3.0 Spellcasting
 * Level 2.8 Conjurations
 * Level 5.1 Earth Magic


You had 3 spell levels left.
You knew the following spells:

 Your Spells              Type           Power      Damage    Failure   Level
a - Sandblast             Erth           36%        2d10      2%          1
b - Passwall              Erth           18%        N/A       7%          3
c - Stone Arrow           Conj/Erth      30%        3d8       11%         3

Your spell library contained the following spells:

 Spells                   Type           Power      Damage    Failure   Level
 Ensorcelled Hibernation  Hex/Ice        4%         N/A       28%         2
 Hailstorm                Conj/Ice       6%         3d5       30%         3
 Fugue of the Fallen      Necr           2%         N/A       50%         3
 Summon Ice Beast         Ice/Summ       2%         N/A       50%         3
 Brom's Barrelling Bould  Conj/Erth      15%        2d4       36%         4
 Petrify                  Alch/Erth      10%        N/A       54%         4
 Anguish                  Hex/Necr       1%         N/A       88%         4
 Sculpt Simulacrum        Ice/Alch       1%         N/A       100%        6


Dungeon Overview and Level Annotations

Branches:
Dungeon (3/15)

Altars:

Annotations:
D:3 Terence


Innate Abilities, Weirdness & Mutations

You cannot be hasted, slowed, berserked, paralysed or teleported.
You can dig through walls and to a lower floor.
You have a pair of large antennae on your head. (SInv)
Your four strong arms can wield two-handed weapons with a shield.


Message History

Unknown command.
Aiming: Sandblast (safe; 2% risk of failure)
Press: ? - help, Q - select action, (/) - cycle Shift-Dir - straight line, f/p - Terence
Aim: Terence, wielding a +0 falchion and wearing a +0 scale mail (heavily wounded, 84% to hit)
You miscast Sandblast.
You are very lightly contaminated with residual magic.
Nothing appears to happen.
Terence hits you with a +0 falchion.
Aiming: Sandblast (safe; 2% risk of failure)
Press: ? - help, Q - select action, (/) - cycle Shift-Dir - straight line, f/p - Terence
Aim: Terence, wielding a +0 falchion and wearing a +0 scale mail (heavily wounded, 84% to hit)
The blast of sand hits Terence but does no damage.
Terence is heavily wounded.
Terence misses you.
Aiming: Sandblast (safe; 2% risk of failure)
Press: ? - help, Q - select action, (/) - cycle Shift-Dir - straight line, f/p - Terence
Aim: Terence, wielding a +0 falchion and wearing a +0 scale mail (heavily wounded, 84% to hit)
The blast of sand hits Terence but does no damage.
Terence is heavily wounded.
Terence hits you with a +0 falchion! Terence closely misses you.
Okay, then.
You shoot an arrow. The arrow barely misses Terence.
Terence barely misses you.
You shoot an arrow. The arrow closely misses Terence.
Terence hits you with a +0 falchion! Terence hits you but does no damage.
Your magical contamination has completely faded away.
You shoot an arrow. The arrow hits Terence.
Terence is severely wounded.
Terence hits you with a +0 falchion!
* * * LOW HITPOINT WARNING * * *
Okay, then.
Aiming: Sandblast (safe; 2% risk of failure)
Press: ? - help, Q - select action, (/) - cycle Shift-Dir - straight line, f/p - Terence
Aim: Terence, wielding a +0 falchion and wearing a +0 scale mail (severely wounded, 84% to hit)
The blast of sand hits Terence.
Terence is severely wounded.
Terence barely misses you. Terence hits you with a +0 falchion!
* * * LOW HITPOINT WARNING * * *
Magic courses through your body. Terence hits you with a +0 falchion!
You die...
Terence says, "That felt goooood."

##### #...# { #...# #.#
####...#### #.#
##############.........# ##
#[# ......@@...............#
.# #.#
.#############.........# .#
#.# ####...#### .# #.# #...#
.###.###.# ##### #...#
.....†..###....# ##.##
####.###.#.###.######## #)#
#.#.................## #.#
##.##....###.##.##...####.##


You could see Terence.

Vanquished Creatures
  A phantom (D:2)
  5 adders
  A ribbon worm (D:2)
  An orc (D:3)
  5 endoplasms
  3 giant cockroaches
  4 hobgoblins
  9 jackals
  5 kobolds
  2 quokkas (D:3)
  A ball python (D:3)
  A bat (D:1)
  2 frilled lizards
  5 goblins
  2 rats (D:1)
47 creatures vanquished.

Notes
Turn   | Place    | Note
-------+----------+-------------------------------------------
     0 | D:1      | Bnni the Formicid Earth Elementalist began the quest for
                  | the Orb.
     0 | D:1      | Reached XP level 1. HP: 13/13 MP: 3/3
    61 | D:1      | Reached skill level 1 in Conjurations
   129 | D:1      | Reached XP level 2. HP: 20/20 MP: 1/5
   632 | D:2      | Reached skill level 4 in Earth Magic
   675 | D:2      | Found a faded altar of an unknown god.
   698 | D:2      | Reached XP level 3. HP: 25/25 MP: 6/6
   787 | D:2      | Reached skill level 1 in Fighting
   819 | D:2      | Noticed a phantom
   828 | D:2      | Killed a phantom
   829 | D:2      | Reached XP level 4. HP: 13/32 MP: 1/8
   829 | D:2      | Reached XP level 5. HP: 15/37 MP: 1/9
   833 | D:2      | Learned a level 3 spell: Passwall
   837 | D:2      | Learned a level 3 spell: Stone Arrow
  1561 | D:3      | Reached skill level 5 in Earth Magic
  1967 | D:3      | Noticed Terence
  1984 | D:3      | Slain by Terence

Illustrated notes

Levels and vault maps discovered:
D:1:      psy_arrival_terrarium, layout_basic, chequers_serial_rivers_large_a
D:2:      minmay_chambers_of_ones, layout_loops_ring,
          ebering_ecumenical_altar_petrified, eino_tiny_chamber
D:3:      layout_loops_ring, chequers_serial_rivers_micro_a, uniq_terence

Skill      XL: |  1  2  3  4  5 |
---------------+----------------+-----
Conjurations   | 1 2 |  2.8
Earth Magic    | 4 5 |  5.1
Fighting       | 1 2 |  2.0
Spellcasting   | 3 |  3.0
Dodging        | |  1.7
Stealth        | |  2.4

Action                     |  1- 3 |  4- 6 || total
---------------------------+-------+-------++-------
  Melee: Unarmed           |     5 |       ||     5
   Fire: Shortbow          |    50 |    39 ||    89
   Cast: Sandblast         |    21 |    36 ||    57
    Use: Potion            |       |     1 ||     1
 Armour: Robe              |    29 |    32 ||    61
  Dodge: Dodged            |    26 |    25 ||    51
